AoeStats
← [KMNB] Bandeira

African Clearing

505679062Analyzed
3v3 RM · 23d ago on Sep 10, 2026· 46m 31s· 6 players
Game mode
Random Map
Map size
Normal (6 player)
Population
200
Speed
Normal
Resources
Standard
Victory
Conquest
Starting age
Dark Age
Ending age
Imperial Age
RankedLock teamsTeams togetherTeam positionsShared explorationLock speedFull tech treeHidden civsTurbo modeCheats
Victory
Defeat
🇧🇷 Huns · Brazil
1543
+15
🇧🇷 Magyars · Brazil
1513
+16
🇧🇷 Berbers · Brazil
1511
+16
🇯🇵 Spanish · Japan
1776
-26
🇷🇺 Slavs · Russia
1452
-13
🇯🇵 Persians · Japan
1305
-8
[KMNB] Dedão
9:27 Loom
12:05 Feudal Age
13:00 Double-Bit Axe
14:54 Forging
15:14 Horse Collar
17:06 Wheelbarrow
24:18 Castle Age
22:49 Gold Mining
23:45 Bloodlines
23:41 Fletching
25:16 Bodkin Arrow
25:47 Bow Saw
27:36 Heavy Plow
28:00 Husbandry
28:27 Padded Archer Armor
30:18 Ballistics
32:40 Hand Cart
33:49 Leather Archer Armor
34:04 Town Watch
41:16 Imperial Age
40:27 Iron Casting
40:54 Stone Mining
42:26 Conscription
43:11 Chemistry
41:46 Elite Camel Archer
44:09 Masonry
44:02 Bracer
44:33 Ring Archer Armor
44:47 Gold Shaft Mining
44:30 Light Cavalry
45:18 Town Patrol
[KMNB] Bandeira
5:42 Loom
12:57 Feudal Age
15:00 Double-Bit Axe
22:29 Castle Age
21:47 Bloodlines
22:24 Gold Mining
22:34 Light Cavalry
24:44 Husbandry
26:47 Scale Barding Armor
29:51 Wheelbarrow
31:51 Chain Barding Armor
33:56 Bow Saw
39:12 Horse Collar
45:10 Imperial Age
45:11 Heavy Plow
45:36 Hand Cart
45:11 Cavalier
46:37 Plate Barding Armor
46:24 Fletching
Fs.Khronos
4:47 Loom
13:40 Feudal Age
19:20 Castle Age
17:54 Double-Bit Axe
18:02 Gold Mining
19:59 Fletching
20:25 Bow Saw
20:35 Bodkin Arrow
24:00 Wheelbarrow
26:07 Padded Archer Armor
25:49 Horse Collar
28:10 Husbandry
28:21 Bloodlines
29:03 Ballistics
35:43 Leather Archer Armor
41:19 Imperial Age
38:38 Town Watch
40:22 Gold Shaft Mining
39:59 Heavy Plow
40:59 Hand Cart
40:44 Town Patrol
42:02 Bracer
41:23 Heavy Cavalry Archer
42:29 Parthian Tactics
43:18 Chemistry
42:29 Masonry
43:24 Two-Man Saw
42:20 Stone Mining
43:18 Thumb Ring
42:52 Capped Ram
44:18 Siege Ram
happikon.6139
10:15 Loom
13:17 Feudal Age
17:24 Castle Age
18:24 Horse Collar
18:31 Double-Bit Axe
26:02 Wheelbarrow
27:18 Padded Archer Armor
28:25 Bow Saw
30:33 Gold Mining
31:35 Husbandry
31:25 Town Watch
34:34 Leather Archer Armor
34:21 Stone Mining
35:46 Bloodlines
36:53 Heavy Plow
40:15 Fletching
44:51 Imperial Age
42:26 Bodkin Arrow
43:38 Hand Cart
45:11 Elite Conquistador
46:47 Ring Archer Armor
46:04 Light Cavalry
Tetsu.Japan
10:27 Loom
13:17 Feudal Age
13:54 Double-Bit Axe
25:14 Castle Age
23:35 Scale Barding Armor
24:06 Bloodlines
23:54 Horse Collar
25:32 Forging
25:23 Gold Mining
25:57 Stone Mining
26:31 Bow Saw
26:23 Heavy Plow
30:18 Husbandry
32:16 Town Watch
33:31 Fletching
35:10 Wheelbarrow
37:37 Ballistics
37:39 Bodkin Arrow
39:38 Chain Barding Armor
44:30 Imperial Age
43:16 Hand Cart
43:05 Murder Holes
44:02 Iron Casting
44:13 Gold Shaft Mining
45:27 Plate Barding Armor
44:16 Cavalier
44:20 Heavy Camel Rider
45:35 Crop Rotation
46:07 Two-Man Saw
45:51 Stone Shaft Mining
47:17 Blast Furnace
YuriiVegas
10:14 Loom
12:33 Feudal Age
13:28 Double-Bit Axe
15:57 Forging
15:54 Scale Barding Armor
19:40 Horse Collar
22:41 Town Watch
24:29 Fletching
29:10 Wheelbarrow
32:33 Castle Age
33:43 Bow Saw
34:01 Heavy Plow
35:24 Bodkin Arrow
37:08 Hand Cart
39:30 Stone Mining
41:32 Ballistics
41:18 Guard Tower
43:05 Gold Mining
44:06 Fortified Wall
44:39 Town Patrol
Connection lost

Rejoining the realm…

Still unreachable

The connection could not be restored.

Session expired

The server has moved on; the page needs a fresh start.